[Event "Late-Titled-Tuesday-Blitz-April-02-2024"]
[Site "Chess.com"]
[Date "2024.04.02"]
[Round "9"]
[White "Kazan28"]
[Black "Hrant_ChessMood"]
[Result "1-0"]
[WhiteElo "2701"]
[BlackElo "2918"]
[TimeControl "180+1"]
[EndTime "15:43:07 PDT"]
[Termination "Kazan28 won on time"]

1. d4 Nf6 2. c4 g6 3. Nc3 Bg7 4. e4 d6 5. Nf3 O-O 6. Be2 c5 7.
O-O Re8 8. d5 e6 9. h3 exd5 10.
exd5 Bf5 11. Bd3 Ne4 12. Nxe4 Bxe4 13. Bxe4 Rxe4 14. Qd3 Re8 15. Bf4 Qb6 16. Rab1 Nd7 17. a3 a5 18. Rfe1 a4 19. Rxe8+ Rxe8 20. b3 Be5 21.
bxa4 Qc7 22. Nxe5 dxe5 23. Be3 Ra8 24. Qb3 b6 25. Qb5 Kg7 26. Bd2 Ra7 27. Qc6 Qd8 28. a5 bxa5 29. Rb7 Rxb7 30. Qxb7 Nf6 31. Qb5 Ne4 32. Bxa5 Qg5 33. Qb1 Qf4 34. Be1 Nd6 35.
a4 Qxc4 36. a5 Qxd5 37. a6 Qc6 38. Qa1 Qa8 39. Qxe5+ Kh6 40. Qxd6 Qe8 41. Bd2+ Kh5 42. Qxc5+ f5 43. Qe3 1-0

[Event "Late-Titled-Tuesday-Blitz-April-02-2024"]
[Site "Chess.com"]
[Date "2024.04.02"]
[Round "9"]
[White "youngdinousaur"]
[Black "Kavyev_Ruslan"]
[Result "0-1"]
[WhiteElo "2240"]
[BlackElo "2405"]
[TimeControl "180+1"]
[EndTime "15:43:07 PDT"]
[Termination "Kavyev_Ruslan won on time"]

1. d4 c5 2. d5 e5 3. dxe6 fxe6 4.
e4 d5 5. exd5 exd5 6. Bb5+ Bd7 7.
Qh5+ g6 8. Qe5+ Qe7 9. Bxd7+ Nxd7 10. Qxe7+ Nxe7 11. Nf3 Bg7 12. O-O O-O 13. Re1 Rfe8 14. Nc3 a6 15. Bg5 d4 16. Ne4 Nd5 17. Nd6 Rxe1+ 18. Rxe1 b5 19. Ne8 Bf8 20. Bh4 h6 21. Bg3 Kf7 22. Nd6+ Bxd6 23. Bxd6 Re8 24. Rxe8 Kxe8 25.
Ne5 Nxe5 26. Bxe5 Kd7 27. Bg7 h5 28. g3 Nb4 29. c3 d3 30. Bh6 Nxa2 31. Kf1 b4 32.
cxb4 Nxb4 33. Ke1 Kc6 34. Kd2 Kd5 35. Ke3 c4 36. h3 Nc2+ 37. Kd2 Nd4 38. g4 Nf3+ 39. Kc3 hxg4 40. hxg4 a5 41. Be3 Ke4 42. Kxc4 d2 43. Bxd2 Nxd2+ 44. Kb5 Kf3 45. Kxa5 Kxf2 46. b4 Kf3 0-1

[Event "Late-Titled-Tuesday-Blitz-April-02-2024"]
[Site "Chess.com"]
[Date "2024.04.02"]
[Round "9"]
[White "Rashad_Zeynalli"]
[Black "Shankland"]
[Result "0-1"]
[WhiteElo "2696"]
[BlackElo "2896"]
[TimeControl "180+1"]
[EndTime "15:43:08 PDT"]
[Termination "Shankland won on time"]

1. d4 d5 2. Bf4 c5 3. e3 Nc6 4. Nf3 Nf6 5. Nbd2 Qb6 6. dxc5 Qxb2 7. Rb1 Qc3 8. Bb5 g6 9. O-O Bg7 10. Nd4 O-O 11. N2b3 e5 12. Bxc6 exf4 13. Ne2 Qb4 14. c3 Qe4 15. Nd2 Qe7 16. Ba4 fxe3 17. fxe3 Ng4 18. Nd4 Qxe3+ 19. Kh1 Qh6 20. N2f3 Ne3 21. Qb3 Nxf1 22. Rxf1 Qf4 23. Qxd5 Qc7 24. Ng5 Bxd4 25. cxd4 Be6 26. Nxe6 fxe6 27. Qxe6+ Kg7 28. Rd1 Qf7 29. Qe5+ Qf6 30. Qc7+ Kh8 31. h3 Rf7 32. Qg3 Rd8 33. Bb3 Qf4 34. Qc3 Re7 35. d5+ Qe5 36. Qb4 Rc7 37. a4 Kg7 38. Re1 Qf6 39. d6 Rcd7 40. Bd5 b6 41. c6 Rxd6 42. c7 Rc8 43. Qc4 Rd7 44. Be6 Rcxc7 45. Qg4 Re7 0-1

[Event "Late-Titled-Tuesday-Blitz-April-02-2024"]
[Site "Chess.com"]
[Date "2024.04.02"]
[Round "9"]
[White "Mikhal867"]
[Black "Zavgorodniy_Sergiy"]
[Result "1/2-1/2"]
[WhiteElo "2530"]
[BlackElo "2638"]
[TimeControl "180+1"]
[EndTime "15:43:09 PDT"]
[Termination "Game drawn by repetition"]

1. c4 c5 2. Nc3 Nc6 3. g3 g6 4. Bg2 Bg7 5. e4 e6 6. Nge2 Nge7 7. d3 d6 8. Be3 Nd4 9. h3 Nec6 10. Nc1 O-O 11.
O-O b6 12. f4 Bb7 13. Kh2 Qd7 14.
g4 f5 15. exf5 gxf5 16. g5 Rae8 17. h4 h6 18. Rh1 Kh7 19. Kg3 e5 20. Nd5 exf4+ 21.
Bxf4 Be5 22. Qh5 Re6 23. Nb3 Rg8 24. Rae1 Reg6 25. Kf2 Re6 26. Nxd4 Bxd4+ 27. Kg3 Ne5 28. Bxe5 Bxe5+ 29. Kh3 f4 30. Bf3 Kh8 31. Bg4 Bc8 32.
Nxf4 Qe8 33. Nxe6 Qxh5 34. Bxh5 Bxe6+ 35. Bg4 Bf7 36. Rxe5 dxe5 37. gxh6 Kh7 38. Re1 Re8 39. Rf1 Bg6 40. Rf6 Bxd3 41. b3 e4 42. Bf5+ Kh8 43. Rf7 Bf1+ 44. Kg3 e3 45. Rh7+ Kg8 46. Rg7+ Kh8 47.
Rh7+ Kg8 48. Rg7+ Kf8 49. Bg6 e2 50. Rf7+ Kg8 51. Rg7+ Kh8 52. Rh7+ Kg8 53. Rg7+ Kf8 54. Rf7+ Kg8 55. Rg7+ 1/2-1/2

[Event "Late-Titled-Tuesday-Blitz-April-02-2024"]
[Site "Chess.com"]
[Date "2024.04.02"]
[Round "9"]
[White "Good_Knight_Kiss"]
[Black "remyrushbrooke"]
[Result "1-0"]
[WhiteElo "2502"]
[BlackElo "2268"]
[TimeControl "180+1"]
[EndTime "15:43:11 PDT"]
[Termination "Good_Knight_Kiss won on time"]

1. e4 g6 2. d4 Bg7 3. Nc3 d6 4. f4 Nc6 5. Be3 Nf6 6. Nf3 O-O 7. h3 e6 8. Bd3 Re8 9. O-O b6 10. a3 Bb7 11. Re1 Ne7 12. Qd2 d5 13. e5 Ne4 14. Qe2 Nxc3 15. bxc3 Nf5 16. Bf2 c5 17. dxc5 bxc5 18. Bxc5 Rc8 19. Bxa7 Rxc3 20. Rab1 Qa8 21.
Bf2 d4 22. a4 Bxf3 23. Qxf3 Qxf3 24. gxf3 Bh6 25. a5 Bxf4 26. Ra1 Ne3 27. a6 Nxc2 28.
Bxc2 Rxc2 29. a7 Ra8 30. Bxd4 Bh2+ 31. Kf1 Rc4 32. Bf2 Bf4 33. Ra5 Rcc8 34. Re4 Bd2 35. Ra2 Bc3 36. Ra3 Kg7 37. Ke2 Bb2 38. Ra2 Rc2+ 39.
Kf1 Rc1+ 40. Kg2 Rc2 41. Rb4 Bc3 42. Rxc2 Bxb4 43. Ra2 Be7 44. Rb2 Bh4 45. Bxh4 Rxa7 46. Bf6+ 1-0

[Event "Late-Titled-Tuesday-Blitz-April-02-2024"]
[Site "Chess.com"]
[Date "2024.04.02"]
[Round "9"]
[White "GoltsevDmitry2000"]
[Black "dosto07"]
[Result "1-0"]
[WhiteElo "2773"]
[BlackElo "2472"]
[TimeControl "180+1"]
[EndTime "15:43:12 PDT"]
[Termination "GoltsevDmitry2000 won by resignation"]

1. d4 d5 2. Nc3 Nf6 3. Bf4 c6 4. e3 Bf5 5. Nf3 Nbd7 6. Ne5 Nxe5 7. dxe5 Ne4 8. Nxe4 Bxe4 9. f3 Bg6 10. Bd3 Bxd3 11. Qxd3 e6 12. h4 Qa5+ 13. c3 h5 14. b4 Qb5 15. Qxb5 cxb5 16. a4 bxa4 17. Rxa4 a6 18. Bg5 Rc8 19. Kd2 Be7 20. Bxe7 Kxe7 21. Rb1 Rc4 22.
g3 Rhc8 23. Ra3 f6 24. exf6+ gxf6 25. b5 a5 26. b6 a4 27. Rb5 Rg8 28. Ra5 Rxg3 29.
Ra7 Rxh4 30. Rxb7+ Kd6 31. Rf7 Rh2+ 32. Kd3 Rgg2 33.
c4 Rd2+ 34. Kc3 Rc2+ 35. Kb4 Rxc4+ 36. Ka5 Rb2 37. e4 dxe4 38. fxe4 Ke5 39. b7 Rcb4 40. Ka6 R2b3 41. Ra1 a3 42. Ka7 Ra4+ 43. Kb8 a2 44.
Kc8 Rc4+ 45. Rc7 Rcb4 46. Rxa2 Kxe4 47. Rh2 Kf5 48. Rxh5+ Kg6 49. Rhc5 e5 50. R5c6 Kf5 51. Rf7 Ke4 52. Rcxf6 Kd3 53. Rd7+ Kc2 54. Rc6+ Kb2 55. Ra6 e4 56. Re7 e3 57. Rc6 Rd3 58. b8=Q Rxb8+ 59. Kxb8 Kb1 60. Rb7+ Ka2 61. Ra6+ Ra3 62. Rxa3+ Kxa3 63. Re7 Kb4 64. Rxe3 Kc4 65. Re7 Kd4 66. Kc7 1-0

[Event "Late-Titled-Tuesday-Blitz-April-02-2024"]
[Site "Chess.com"]
[Date "2024.04.02"]
[Round "9"]
[White "Njal28"]
[Black "dropstoneDP"]
[Result "1/2-1/2"]
[WhiteElo "3057"]
[BlackElo "2996"]
[TimeControl "180+1"]
[EndTime "15:43:16 PDT"]
[Termination "Game drawn by repetition"]

1. d4 d5 2. Nf3 Nf6 3. c4 dxc4 4. e3 e6 5. Bxc4 a6 6. O-O c5 7.
Re1 Be7 8. Bd3 cxd4 9. exd4 O-O 10. Nc3 b5 11. Bg5 Nbd7 12. Qe2 Bb7 13. Rad1 Re8 14.
Ne5 Nf8 15. Bb1 b4 16. Na4 Qd5 17. f3 Rad8 18. Bxf6 gxf6 19. Nc4 Qb5 20. b3 Ng6 21. Qf2 Kg7 22. Be4 Bd5 23. Bd3 Qb8 24. Ne3 Bb7 25. Nc5 Bxc5 26. dxc5 Qc7 27. Nc4 Rd5 28. Nd6 Rd8 29.
Be4 Rxd1 30. Rxd1 Bxe4 31. fxe4 a5 32. Qd4 Kg8 33. Kh1 Ne5 34. h3 Nd7 35. Nc4 Kf8 36.
Nb6 Ke8 37. Na4 Ne5 38. Qg1 Nd3 39. Rf1 Qe5 40. Qe3 Rd4 41. c6 Kd8 42. Qh6 Kc7 43.
Qf8 Nf2+ 44. Kg1 Nxh3+ 45. Kh1 Nf2+ 46. Kg1 Nh3+ 47. Kh1 Nf2+ 48. Kg1 Nh3+ 1/2-1/2

[Event "Late-Titled-Tuesday-Blitz-April-02-2024"]
[Site "Chess.com"]
[Date "2024.04.02"]
[Round "9"]
[White "MarceloPlaya"]
[Black "Ar4uha"]
[Result "0-1"]
[WhiteElo "2424"]
[BlackElo "2585"]
[TimeControl "180+1"]
[EndTime "15:43:16 PDT"]
[Termination "Ar4uha won on time"]

1. e4 c5 2. Nf3 Nc6 3. d4 cxd4 4. Nxd4 g6 5. Nc3 Bg7 6. Be3 Nf6 7. f3 O-O 8. Qd2 d5 9. exd5 Nxd5 10. Nxd5 Qxd5 11.
Nxc6 Qxc6 12. O-O-O Bf5 13. Bd3 Rfd8 14. Kb1 Qf6 15.
Qb4 Bxd3 16. Rxd3 Rxd3 17. cxd3 a5 18. Qb6 Qf5 19. Rd1 a4 20. Qxb7 Rc8 21. Qb4 Qe5 22.
Bc1 Rb8 23. Qa3 Qd4 24. Rd2 e6 25. Rc2 h5 26. Bd2 Qg1+ 27. Bc1 Qxh2 28. Qxa4 Qe5 29. Qc4 Qe1 30. a4 Rb4 31. Qc8+ Kh7 32. a5 Ra4 33. a6 Qa5 34. Rc4 Ra1+ 35. Kc2 Qa2 36. Qb7 Qb1+ 37. Kb3 Qa2+ 38. Kc2 Qb1+ 39. Kd2 Bh6+ 40. Ke2 Bxc1 41. a7 Kh6 42. a8=Q Bxb2 0-1

[Event "Late-Titled-Tuesday-Blitz-April-02-2024"]
[Site "Chess.com"]
[Date "2024.04.02"]
[Round "9"]
[White "MasterSonnevanck23"]
[Black "PhileKhoob"]
[Result "0-1"]
[WhiteElo "2387"]
[BlackElo "2279"]
[TimeControl "180+1"]
[EndTime "15:43:17 PDT"]
[Termination "PhileKhoob won on time"]

1. d4 d5 2. Nf3 Nf6 3. c4 c6 4. e3 e6 5. Bd3 Nbd7 6. b3 Bd6 7. Bb2 O-O 8. O-O Re8 9. Ne5 c5 10. Nd2 b6 11. f4 Bb7 12. Nxd7 Qxd7 13. dxc5 Bxc5 14.
Bxf6 Bxe3+ 15. Kh1 gxf6 16. Qg4+ Kf8 17. Nf3 d4 18.
Qh4 Ke7 19. Ne5 Qc7 20. Ng4 Rg8 21. Bxh7 Rh8 22. Qxf6+ Kd6 23. Nxe3 Rxh7 24. Rad1 Rah8 25. Nf5+ Kd7 26. Qxd4+ Kc8 27. Nd6+ Kb8 28. Nxb7 Rxh2+ 29. Kg1 Kxb7 30. Qe4+ Ka6 31. b4 Qe7 32. Rd3 Qxb4 33. Qe3 Rh1+ 34. Kf2 Rxf1+ 35. Kxf1 Qb1+ 36. Kf2 Qxa2+ 37. Rd2 Qxc4 38. Qa3+ Kb7 39. Rd7+ Kc6 40. Qxa7 Qxf4+ 41. Ke2 Qe4+ 42. Kf2 Qf5+ 43. Ke2 Qg4+ 44. Kf2 Rh5 45. Qc7+ Kb5 0-1

[Event "Late-Titled-Tuesday-Blitz-April-02-2024"]
[Site "Chess.com"]
[Date "2024.04.02"]
[Round "9"]
[White "sergiochess83"]
[Black "combidharma"]
[Result "1/2-1/2"]
[WhiteElo "2963"]
[BlackElo "2856"]
[TimeControl "180+1"]
[EndTime "15:43:20 PDT"]
[Termination "Game drawn by repetition"]

1. d4 Nf6 2. c4 g6 3. Nc3 Bg7 4. e4 d6 5. h3 O-O 6. Bg5 c5 7. d5 e6 8. Nf3 exd5 9. exd5 h6 10. Be3 Nbd7 11. Qd2 g5 12. Bd3 Re8 13. O-O Nh5 14. g4 Nhf6 15. Rae1 Nf8 16. Qc2 Bd7 17. Nd2 Qc8 18.
f3 Kh8 19. Kg2 Re7 20. Bf2 Rxe1 21. Rxe1 Qc7 22. h4 Re8 23. Rxe8 Bxe8 24. hxg5 hxg5 25. Be3 Bh6 26. Nce4 Nxe4 27. Nxe4 Qe7 28. b4 b6 29. bxc5 bxc5 30. Qb2+ Bg7 31. Qb8 Be5 32. Bxg5 f6 33. Nxf6 Bxf6 34. Bxf6+ Qxf6 35. Qxe8 Kg7 36. Kg3 Qa1 37.
Qe7+ Kg8 38. Qg5+ Kf7 39. Qf4+ Ke7 40. Qe3+ Kf7 41. Qf4+ Ke7 42. Qd2 Qg1+ 43. Kh3 Qh1+ 44. Kg3 Qg1+ 45. Kh4 Qd4 46. Qe2+ Kf7 47. Kg3 Qf6 48.
Qe3 Qa1 49. Qf4+ 1/2-1/2

[Event "Late-Titled-Tuesday-Blitz-April-02-2024"]
[Site "Chess.com"]
[Date "2024.04.02"]
[Round "9"]
[White "Squirlolz"]
[Black "ameetghasi100"]
[Result "1-0"]
[WhiteElo "2589"]
[BlackElo "2774"]
[TimeControl "180+1"]
[EndTime "15:43:20 PDT"]
[Termination "Squirlolz won by resignation"]

1. b3 d5 2. Bb2 c6 3. e3 Bf5 4. f4 f6 5. Nf3 Nd7 6. h3 Nh6 7. g4 Bg6 8. Bg2 Qc7 9. Qe2 e5 10. f5 Bf7 11. d3 O-O-O 12. e4 Ng8 13. Nbd2 Ne7 14. c4 d4 15. h4 g6 16. O-O-O Kb8 17. g5 Bg7 18. Bh3 a5 19. h5 gxh5 20.
Rdg1 Nc5 21. gxf6 Bxf6 22. Ng5 Bxg5 23. Rxg5 Ng8 24. Ba3 Qb6 25. Nf3 Re8 26. f6 Ne6 27. Nxe5 Qc7 28. Qh2 Nxf6 29. Nxc6+ Kc8 30. Bd6 Qxc6 31.
Rc5 Nd7 32. Rxc6+ bxc6 33. Rf1 Bg6 34. c5 h4 35. Qc2 Kb7 36. Qc4 Ng5 37. Bxd7 Rd8 38.
Bxc6+ Kxc6 39. Qd5+ Kd7 40. c6+ Kc8 41. c7 Rxd6 42. Qxd6 Re8 43. Rf8 Ne6 44. Rxe8+ Bxe8 45. Qxe6+ Bd7 46. Qd6 h3 47. Kd2 h5 48. Ke1 Bg4 49. Kf2 Kb7 50. Kg1 Bc8 51. Kh2 Bg4 52. e5 Bc8 53. e6 Bxe6 54. Qxe6 Kxc7 55. Kxh3 1-0

[Event "Late-Titled-Tuesday-Blitz-April-02-2024"]
[Site "Chess.com"]
[Date "2024.04.02"]
[Round "9"]
[White "Slovineanu"]
[Black "ProfessorChess101"]
[Result "1-0"]
[WhiteElo "2483"]
[BlackElo "2741"]
[TimeControl "180+1"]
[EndTime "15:43:25 PDT"]
[Termination "Slovineanu won by resignation"]

1. d4 Nf6 2. Nf3 e6 3. c4 a6 4. e3 d5 5. b3 Bb4+ 6. Nbd2 O-O 7. Bd3 c5 8. O-O Nc6 9. Bb2 cxd4 10. exd4 dxc4 11. bxc4 Qd6 12. a3 Ba5 13. Qe2 Bc7 14. Rad1 Bd7 15. Ne4 Nxe4 16. Qxe4 f5 17. Qe2 Rae8 18. Rfe1 Qf4 19. Bc1 Qd6 20. c5 Qe7 21.
Bc4 Kh8 22. Ng5 Nd8 23. Qh5 h6 24. Nh3 Qf6 25. Bf4 Ba5 26. Be5 Qf7 27. Qxh6+ Kg8 28.
Qh4 Bxe1 29. Rxe1 Qg6 30. Nf4 Qg4 31. Qxg4 fxg4 32. Be2 Nc6 33. Bd6 Rf5 34. Bxg4 Rg5 35. Bf3 Nxd4 36. Bxb7 e5 37. Nd3 e4 38. Rxe4 Rxe4 39.
Bxe4 Bf5 40. f4 Rh5 41. Bxf5 Rxf5 42. Kf2 Ne6 43. g4 Rd5 44. Ke3 Kf7 45. f5 Nd8 46. Ke4 Rxd3 47. Kxd3 Nc6 48. Ke4 Kf6 49. h4 Na5 50.
g5+ Kf7 51. Kd5 Ke8 52. h5 Nb3 53. Be5 Kf7 54. g6+ Kg8 55. f6 gxf6 56. Bxf6 Na5 57.
h6 1-0

[Event "Late-Titled-Tuesday-Blitz-April-02-2024"]
[Site "Chess.com"]
[Date "2024.04.02"]
[Round "9"]
[White "cthulhuuu"]
[Black "APOKALIPSA13"]
[Result "0-1"]
[WhiteElo "2450"]
[BlackElo "2314"]
[TimeControl "180+1"]
[EndTime "15:43:25 PDT"]
[Termination "APOKALIPSA13 won on time"]

1. e4 e5 2. Nf3 d5 3. d3 dxe4 4.
dxe4 Qxd1+ 5. Kxd1 Nc6 6. c3 Bg4 7. Be3 O-O-O+ 8. Kc2 Nf6 9. Nbd2 Bh5 10. h3 Bg6 11.
Bd3 Be7 12. Nh4 Rxd3 13. Kxd3 Bxe4+ 14. Nxe4 Rd8+ 15. Ke2 Nxe4 16. Nf5 Bf6 17. f3 Nd6 18. Nxd6+ cxd6 19. c4 b6 20. a3 Na5 21. Rac1 e4 22. b4 exf3+ 23. Kxf3 Nc6 24. Rhd1 Kb7 25. Bf4 Nd4+ 26. Kf2 Be5 27. Be3 Ne6 28. Rd5 f5 29. Rcd1 f4 30. Bc1 Rc8 31. Rxd6 Bxd6 32. Rxd6 Nf8 33. Rd4 g5 34. h4 h6 35. Kf3 Ng6 36. hxg5 hxg5 37. Rd7+ Ka8 38. Ke4 Rxc4+ 39. Kf5 Rc6 40.
Bb2 Nh4+ 41. Ke4 Re6+ 42. Kd5 Re2 43. Kc6 Rc2+ 44. Kb5 Rxb2 45. Ka6 Kb8 46. Rb7+ Kc8 47. Rxa7 Nxg2 48. Kxb6 f3 49. Rf7 Nf4 50. Kc6 Rc2+ 51. Kb6 f2 52. Rc7+ Rxc7 0-1

[Event "Late-Titled-Tuesday-Blitz-April-02-2024"]
[Site "Chess.com"]
[Date "2024.04.02"]
[Round "9"]
[White "BardArtem"]
[Black "Indefatigable11"]
[Result "1-0"]
[WhiteElo "2812"]
[BlackElo "2249"]
[TimeControl "180+1"]
[EndTime "15:43:31 PDT"]
[Termination "BardArtem won on time"]

1. e4 e6 2. d4 d5 3. Nc3 Bb4 4.
Ne2 dxe4 5. a3 Be7 6. Nxe4 Nf6 7. Nxf6+ Bxf6 8. Be3 Nc6 9. Qd3 b6 10. O-O-O Bb7 11.
Ng3 Qd7 12. Be2 O-O-O 13. Bf3 Kb8 14. Kb1 Ne7 15. Bxb7 Kxb7 16. Rhe1 Nd5 17. Bc1 Qc6 18. Ne4 Be7 19. c4 Nf6 20. Ng5 Rhf8 21. d5 Qd7 22.
Qf3 exd5 23. Nxh7 Nxh7 24. Rxd5 Qc6 25. Rxe7 Rxd5 26. cxd5 Qd6 27. Bf4 Qg6+ 28. Ka1 Ng5 29. Rxc7+ Ka6 30. Qe2+ b5 31. Rc6+ Qxc6 32. dxc6 Ne6 33.
Bd6 Rd8 34. a4 Nd4 35. c7 Rc8 36. Qg4 Ne6 37. Qb4 bxa4 38. Qxa4+ Kb6 39. Qb4+ Kc6 40. Qb8 Kd7 41. Qb5+ Kxd6 42. Qa6+ Kxc7 43. Qxa7+ Kd6 44. Kb1 Rc7 45. Qa3+ Kd7 46. Qd3+ Ke7 47. Qe3 Rd7 48. f4 g6 49. g4 Rd5 50. h4 Kd6 51. Qg3 f5 52. h5 gxh5 53. gxh5 Rd4 54. h6 1-0

[Event "Late-Titled-Tuesday-Blitz-April-02-2024"]
[Site "Chess.com"]
[Date "2024.04.02"]
[Round "9"]
[White "ChessBrainiacOnTwitch"]
[Black "Narek_Ghimoyan"]
[Result "0-1"]
[WhiteElo "2789"]
[BlackElo "2489"]
[TimeControl "180+1"]
[EndTime "15:43:31 PDT"]
[Termination "Narek_Ghimoyan won by resignation"]

1. Nf3 Nf6 2. b3 d5 3. Bb2 Bf5 4. e3 c6 5. c4 e6 6. Nc3 h6 7. Rc1 Nbd7 8. Be2 Bd6 9. O-O O-O 10. d4 Qe7 11. Bd3 Ne4 12. Ne2 Ndf6 13. Ne5 Ba3 14. Qc2 Bxb2 15. Qxb2 a5 16. c5 Nd7 17. Nxd7 Qxd7 18.
f3 Nf6 19. Qc2 Bxd3 20. Qxd3 Qe7 21. f4 Ne4 22. a3 f5 23. Ra1 Ra6 24. Nc3 Rfa8 25.
Na4 Rf8 26. Nb6 Qh4 27. b4 axb4 28. axb4 Rxa1 29. Rxa1 Qf2+ 30. Kh1 Kh7 31. h3 Qb2 32.
Qa3 Qf2 33. Qc1 Rf6 34. Qe1 Qb2 35. Rb1 Qc2 36. Rc1 Qa2 37. Ra1 Qb3 38. Nd7 Rg6 39. Ne5 Rg3 40. Nf3 Qb2 41. Qg1 Qe2 42. Re1 Qb2 43. Rf1 Qxb4 44. Ne5 Qd2 45. Rf3 Rxf3 46. Nxf3 Qe2 47. Qb1 Qxe3 48. Qxb7 Nf2+ 49. Kh2 Qxf4+ 50.
Kg1 Nxh3+ 51. gxh3 Qg3+ 52. Kh1 Qxf3+ 53. Kh2 Qf2+ 54.
Kh1 f4 55. Qb1+ Kg8 56. Qg6 Qf3+ 57. Kh2 Qg3+ 58. Qxg3 fxg3+ 59. Kxg3 Kf7 60. Kg4 Kf6 61. h4 g6 62. Kf4 g5+ 63. hxg5+ hxg5+ 64. Ke3 Kf5 65. Kf3 g4+ 66. Ke3 g3 67. Kf3 g2 68. Kxg2 Ke4 0-1

[Event "Late-Titled-Tuesday-Blitz-April-02-2024"]
[Site "Chess.com"]
[Date "2024.04.02"]
[Round "9"]
[White "DeArron_Fox"]
[Black "smotherhubbard"]
[Result "1-0"]
[WhiteElo "2538"]
[BlackElo "2383"]
[TimeControl "180+1"]
[EndTime "15:43:31 PDT"]
[Termination "DeArron_Fox won by checkmate"]

1. d4 Nf6 2. c4 e6 3. Nf3 b6 4. g3 Ba6 5. Nbd2 c5 6. Bg2 Nc6 7.
dxc5 Bxc5 8. O-O O-O 9. a3 Be7 10. b4 Bb7 11. Bb2 d5 12. Rc1 dxc4 13. Nxc4 Qxd1 14. Rfxd1 Rfd8 15. Nfe5 Rxd1+ 16. Rxd1 Rc8 17. Nd6 Bxd6 18. Rxd6 Nd8 19. Rxd8+ Rxd8 20. Bxb7 Rd2 21. Nd3 Rxe2 22. Bxf6 gxf6 23. b5 Ra2 24. Nb4 Rxa3 25. Nc6 Rc3 26. Ba6 Kf8 27. Nxa7 Ke7 28. Nc8+ Kd7 29.
Nxb6+ Kc7 30. Nc8 Rc1+ 31. Kg2 Kd7 32. Nb6+ Kc7 33. Nc4 e5 34. Ne3 Kb6 35. Nd5+ Kc5 36. Nxf6 Kd4 37. Nxh7 e4 38. Ng5 Rc2 39. Kf1 Rc1+ 40.
Kg2 Rc2 41. b6 e3 42. Nh3 exf2 43. Nxf2 Ke3 44. b7 Rxf2+ 45. Kh3 Rb2 46. Kg4 Ke4 47.
h4 f5+ 48. Kg5 Rb6 49. h5 Rb3 50. h6 Rxg3+ 51. Kf6 Rh3 52. b8=Q Rxh6+ 53. Kg5 Rxa6 54.
Qb7+ Ke3 55. Qxa6 f4 56. Qa3+ Ke4 57. Qb4+ Kf3 58. Qxf4+ Ke2 59. Qc4+ Ke3 60. Kg4 Kd2 61. Kf3 Ke1 62. Qe2# 1-0

[Event "Late-Titled-Tuesday-Blitz-April-02-2024"]
[Site "Chess.com"]
[Date "2024.04.02"]
[Round "9"]
[White "Felix-Rose"]
[Black "ricaurtelopezj1955"]
[Result "1-0"]
[WhiteElo "2311"]
[BlackElo "2161"]
[TimeControl "180+1"]
[EndTime "15:43:33 PDT"]
[Termination "Felix-Rose won on time"]

1. e4 e5 2. Nf3 Nc6 3. Bb5 a6 4. Ba4 Nf6 5. O-O b5 6. Bb3 Be7 7. h3 O-O 8. Re1 d6 9. c3 Na5 10. Bc2 c5 11. d4 cxd4 12. cxd4 Qc7 13. Nbd2 Bd7 14. Nf1 Rac8 15. Re2 Rfe8 16. d5 b4 17. Bd3 Bb5 18. Bxb5 axb5 19. b3 Nb7 20. Ng3 Nc5 21. Bd2 Nd3 22. Bg5 Qc3 23. Re3 Qxa1 24. Qxa1 Rc1+ 25. Qxc1 Nxc1 26. Re1 Nxa2 27. Ra1 Nc3 28.
Bxf6 Bxf6 29. Ra6 Be7 30. Kf1 Rc8 31. Nf5 Bf8 32. Nd2 g6 33. Nxd6 Bxd6 34. Rxd6 Na2 35. Rc6 Ra8 36. Rb6 Rc8 37. Rxb5 Rc2 38. Nf3 Nc3 39.
Rb8+ Kg7 40. g4 Nxe4 41. Nxe5 Rxf2+ 42. Ke1 Rb2 43. Rxb4 Ng5 44. h4 Kf6 45. Nd7+ Ke7 46. hxg5 Kxd7 47. Rb7+ Kd6 48. Rxf7 Kxd5 49. Rxh7 Ke5 50.
Rb7 Kf4 51. Kd1 1-0

[Event "Late-Titled-Tuesday-Blitz-April-02-2024"]
[Site "Chess.com"]
[Date "2024.04.02"]
[Round "9"]
[White "Statham_01"]
[Black "AlexeiShirov"]
[Result "0-1"]
[WhiteElo "2616"]
[BlackElo "2801"]
[TimeControl "180+1"]
[EndTime "15:43:34 PDT"]
[Termination "AlexeiShirov won on time"]

1. e4 e5 2. Nf3 Nc6 3. Bb5 a6 4. Ba4 Nf6 5. Qe2 b5 6. Bb3 Bc5 7. a4 Rb8 8. axb5 axb5 9. Nc3 O-O 10. d3 d6 11. Bg5 h6 12. Bh4 g5 13. Nxg5 hxg5 14. Bxg5 Nd4 15. Qd2 Nxb3 16. cxb3 Be6 17. Bh4 Kh7 18. f4 exf4 19. g3 Be3 20. Qe2 Rg8 21.
e5 dxe5 22. Ne4 Rg6 23. Ra6 Nxe4 24. Bxd8 Bf2+ 25. Kd1 Bg4 26. Rxg6 Bxe2+ 27. Kxe2 Kxg6 28. dxe4 Rxd8 29. Kxf2 Rd2+ 30. Kf3 Rd3+ 31. Kg4 fxg3 32.
hxg3 Re3 33. Rc1 Rxe4+ 34. Kf3 Rb4 35. Rc6+ f6 36. Rc3 Kg5 37. Kg2 f5 38. Rxc7 Rxb3 39. Rc2 b4 40. Kf2 e4 41. Re2 Kg4 42. Rc2 Rxg3 43.
Rc7 Rb3 44. Rc2 Kf4 45. Kg2 Ke5 46. Kf2 f4 47. Rc5+ Kd4 48. Rc2 Kd3 49. Re2 f3 50. Re3+ Kc2 51. Rxe4 Kxb2 52. Re6 Rc3 53. Rd6 b3 54. Rd2+ Kc1 0-1

[Event "Late-Titled-Tuesday-Blitz-April-02-2024"]
[Site "Chess.com"]
[Date "2024.04.02"]
[Round "9"]
[White "Angry_Twin"]
[Black "JoakimVonAnd"]
[Result "1-0"]
[WhiteElo "2935"]
[BlackElo "2713"]
[TimeControl "180+1"]
[EndTime "15:43:40 PDT"]
[Termination "Angry_Twin won on time"]

1. e4 c6 2. Nf3 d5 3. d3 g6 4. e5 Bg4 5. d4 e6 6. c3 c5 7. Nbd2 Nc6 8. h3 Bxf3 9. Nxf3 Bh6 10. Bxh6 Nxh6 11. g4 Ng8 12. Qd2 h5 13. Rg1 hxg4 14.
hxg4 cxd4 15. cxd4 Nge7 16. O-O-O Qa5 17. Qxa5 Nxa5 18.
b3 Nac6 19. Kb2 a6 20. Rc1 Nc8 21. Kc3 Ke7 22. Kd2 N8a7 23. Ke3 Nb5 24. a4 Nba7 25. Be2 Rac8 26. Rc5 Nb4 27. Rgc1 Nac6 28. Rd1 Rh3 29. Rcc1 Kd7 30. Kf4 Rch8 31. Rc5 Ke7 32.
Rcc1 Rc8 33. Rh1 Rxh1 34. Rxh1 Na5 35. Rh7 Nxb3 36. Bd1 Nc1 37. Ng5 Rf8 38. Ke3 Nca2 39.
Kd2 Nc6 40. Bc2 Ke8 41. Ke3 Nab4 42. Bb1 Rg8 43. Rxf7 Rf8 44. Rxf8+ Kxf8 45. Bxg6 Ke7 46. f4 a5 47. f5 Na2 48. f6+ Kd7 49. Bc2 Nab4 50.
Bd1 Na2 51. Nf3 Nc3 52. Bc2 b5 53. axb5 Nxb5 54. g5 Nc3 55. g6 a4 56. g7 a3 57.
g8=Q 1-0

[Event "Late-Titled-Tuesday-Blitz-April-02-2024"]
[Site "Chess.com"]
[Date "2024.04.02"]
[Round "9"]
[White "Oleksandr_Bortnyk"]
[Black "shimastream"]
[Result "0-1"]
[WhiteElo "3049"]
[BlackElo "3034"]
[TimeControl "180+1"]
[EndTime "15:43:42 PDT"]
[Termination "shimastream won on time"]

1. e4 b6 2. d4 Bb7 3. Nc3 e6 4. Bd3 Nf6 5. Nf3 Bb4 6. e5 Ne4 7. O-O Nxc3 8. bxc3 Be7 9. Nd2 d5 10. exd6 cxd6 11. Qg4 g6 12. c4 Nd7 13. Re1 Nf6 14. Qh3 O-O 15. Nf3 Re8 16. Bh6 Bf8 17. Ng5 Nh5 18.
Bxf8 Rxf8 19. Qg4 Qf6 20. Nxh7 Kxh7 21. Qxh5+ Kg7 22. Qg4 Rh8 23. c3 Rh5 24. Be4 Rh4 25. Qf3 Rf4 26. Qd3 Bxe4 27. Rxe4 Rxf2 28. Re2 Rf5 29. a4 Rc8 30. Rae1 Rf4 31. Re3 Qf5 32.
Qe2 Qg4 33. g3 Qxe2 34. R1xe2 Rf5 35. d5 e5 36. Re4 Rf3 37. Rc2 f5 38. Rh4 g5 39.
Rh5 Kg6 40. Rh3 Rxc4 41. Rh8 Rfxc3 42. Rxc3 Rxc3 43. Rd8 Kh5 44. Rxd6 Kg4 45. Re6 e4 46. Kf2 Rd3 47. d6 a6 48. Ke2 b5 49. axb5 axb5 50.
Re5 Rxd6 51. h3+ Kxh3 52. Rxf5 g4 53. Kf2 Rd2+ 54. Ke3 Rg2 55. Rxb5 Kxg3 56. Rb3 Rf2 57. Kxe4+ Rf3 58. Rb2 Kh3 59. Rb1 Rf8 60. Rh1+ Kg2 0-1

[Event "Late-Titled-Tuesday-Blitz-April-02-2024"]
[Site "Chess.com"]
[Date "2024.04.02"]
[Round "9"]
[White "ZachHKL"]
[Black "Cambek64"]
[Result "1-0"]
[WhiteElo "2301"]
[BlackElo "2499"]
[TimeControl "180+1"]
[EndTime "15:43:42 PDT"]
[Termination "ZachHKL won on time"]

1. e4 e6 2. d4 d5 3. Nd2 dxe4 4. Nxe4 Bd7 5. Nf3 Bc6 6. Bd3 Nd7 7. c3 Ngf6 8. Ng3 Be7 9. O-O Bxf3 10. Qxf3 c6 11. Bf4 O-O 12. Ne4 Nxe4 13. Qxe4 Nf6 14. Qf3 Qd5 15. Qe2 c5 16. dxc5 Qxc5 17. Rad1 Rfd8 18.
Be3 Qc7 19. Bb1 b6 20. h3 Rxd1 21. Rxd1 Rd8 22. Rxd8+ Qxd8 23. Qd3 Qc7 24. Bg5 g6 25. g3 Nd5 26. Bxe7 Qxe7 27. a3 h5 28. c4 Nc7 29.
b4 e5 30. Ba2 Ne6 31. Qe4 Nd4 32. Qd5 Kg7 33. c5 bxc5 34. bxc5 Qf6 35. Bc4 h4 36. gxh4 Qf4 37. Kg2 Qf6 38. a4 a5 39. Bb5 Nf5 40. c6 Nxh4+ 41. Kf1 Qg5 42. Ke2 Ng2 43. Qc5 Nf4+ 44.
Kd1 Qf5 45. Kc1 Ne2+ 46. Bxe2 Qf4+ 47. Kd1 Qxa4+ 48. Qc2 Qd4+ 49. Ke1 Qa1+ 50. Bd1 Qd4 51. c7 Qb4+ 52. Kf1 Qb5+ 53. Be2 Qd5 54. f3 e4 55.
c8=Q exf3 56. Q2c3+ f6 57. Q3c7+ Kh6 58. Qh8+ 1-0